 Dungeon Crawl Stone Soup version 0.30-a0-782-ge64f9170bb (webtiles) character file.

Game seed: 860803181046453973

48 Leeroy the Insei (level 3, -1/23 HPs)
             Began as an Octopode Transmuter on Feb 22, 2023.
             Slain by a quokka (3 damage)
             ... on level 2 of the Dungeon.
             The game lasted 00:02:07 (929 turns).

Leeroy the Insei (Octopode Transmuter)               Turns: 929, Time: 00:02:08

Health: -1/23      AC:  1    Str:  9    XL:     3   Next: 72%
Magic:  6/6        EV: 13    Int: 17    God:
Gold:   71         SH:  0    Dex: 12    Spells: 5/6 levels left

rFire   . . .      SeeInvis .      - Unarmed
rCold   . . .      Faith    .    (no shield)
rNeg    . . .      Spirit   .    (helmet restricted)
rPois   .          Reflect  .    (no amulet)
rElec   .          Harm     .    (no ring)
rCorr   .          Rampage  .    (no ring)
Will    .....                    (no ring)
Stlth   ++                       (no ring)
HPRegen 0.23/turn                (no ring)
MPRegen 0.10/turn                (no ring)
                                 (no ring)
                                 (no ring)

@: lethally poisoned (-1 -> -5)
A: almost no armour, amphibious, 8 rings, camouflage 1, gelatinous body 1,
(nimble swimmer 1), tentacles
a: no special abilities


You were on level 2 of the Dungeon.
You visited 1 branch of the dungeon, and saw 2 of its levels.

You collected 71 gold pieces.

Inventory:

Missiles
 b - 2 datura-tipped darts
 d - 3 atropa-tipped darts
Scrolls
 c - 3 scrolls of identify {unknown}
 e - a scroll of magic mapping {unknown}
 f - a scroll of poison {unknown}
 g - a scroll of noise {unknown}
 i - a scroll of teleportation {unknown}
Potions
 a - a potion of lignification
 h - a potion of magic {unknown}
 j - a potion of berserk rage {unknown}


   Skills:
 - Level 1.0 Fighting
 - Level 2.0 Dodging
 + Level 4.6 Unarmed Combat
 - Level 2.0 Spellcasting
 - Level 2.0 Transmutations


You had 5 spell levels left.
You knew the following spells:

 Your Spells              Type           Power      Damage    Failure   Level
a - Beastly Appendage     Tmut           16%        N/A       9%          1

Your spell library contained the following spells:

 Spells                   Type           Power      Damage    Failure   Level
 Wereblood                Tmut           8%         N/A       13%         2
 Spider Form              Tmut/Pois      5%         N/A       36%         3
 Ice Form                 Ice/Tmut       5%         N/A       77%         4


Dungeon Overview and Level Annotations

Branches:
Dungeon (2/15)

Altars:


Innate Abilities, Weirdness & Mutations

You cannot wear most types of armour.
You are amphibious.
You can wear up to eight rings at the same time.
Your skin changes colour to match your surroundings (Stealth+).
Your rubbery body absorbs attacks. (AC +1, EV +1)
((You are camouflaged when in or above water. (Stealth+)))
You have tentacles for arms and can constrict up to eight enemies at once.


Message History

No target in view!
You see here a bat corpse.
An adder comes into view.
An adder is nearby!
A worm, a quokka and a ball python come into view.
The ball python hisses angrily.
A kobold comes into view. It is wielding a +0 whip.
You tentacle-slap the ball python.
You kill the ball python!
The quokka misses you.
The quokka twitches its whiskers.
The quokka barely misses you.
You closely miss the quokka. You grab the quokka.
You tentacle-slap the quokka, but do no damage.
Your squeeze misses the quokka.
You constrict the quokka, but do no damage.
The adder hisses angrily.
The quokka bites you.
You tentacle-slap the quokka but do no damage.
Your tentacle-slap misses the quokka.
You constrict the quokka, but do no damage.
The quokka misses you.
You tentacle-slap the worm. You grab the worm. You squeeze the worm.
The worm is heavily wounded.
You constrict the worm. You constrict the quokka. The quokka bites you.
You tentacle-slap the worm.
The worm is almost dead.
You constrict the worm. You constrict the quokka. The worm bites you!
The quokka bites you.
* * * LOW HITPOINT WARNING * * *
You are too injured to fight recklessly!
You are too injured to fight recklessly!
You are too injured to fight recklessly!
You barely miss the adder. Your grab misses the adder. You constrict the worm.
You kill the worm!
You constrict the quokka. The adder bites you.
* * * LOW HITPOINT WARNING * * *
You are lethally poisoned!
The adder poisons you! The quokka bites you.
You die...

####.#.##.##
###.....#########
##.##.............
...###...†...#...
#..##...........
#..##......#...
#..##..^......
#S.##....####
#@..#....#
#Kr†#...#..#
#..##..##..#
#..##..## ..#
...##..## ###
##.##..# ###..#
#..# ..#


You could see an adder, a quokka and a kobold.

Vanquished Creatures
  2 adders (D:2)
  A worm (D:2)
  A dart slug (D:2)
  2 ball pythons (D:2)
  2 bats
  An endoplasm (D:1)
  3 giant cockroaches
  A goblin (D:2)
  2 hobgoblins (D:1)
  2 quokkas (D:1)
  A frilled lizard (D:1)
  5 kobolds (D:1)
  3 rats
26 creatures vanquished.

Vanquished Creatures (others)
  5 plants (D:1)
5 creatures vanquished.

Grand Total: 31 creatures vanquished

Notes
Turn   | Place    | Note
-------+----------+-------------------------------------------
     0 | D:1      | Leeroy the Octopode Transmuter began the quest for the Orb.
     0 | D:1      | Reached XP level 1. HP: 13/13 MP: 3/3
   174 | D:1      | Reached XP level 2. HP: 18/18 MP: 5/5
   727 | D:2      | Reached skill level 4 in Unarmed Combat
   749 | D:2      | Reached XP level 3. HP: 19/23 MP: 6/6
   929 | D:2      | Slain by a quokka

Illustrated notes

Levels and vault maps discovered:
D:1:      roderic_crop_circles_arrival_small, layout_loops_ring
D:2:      minmay_alternating_diamond, layout_rooms

Skill      XL: |  1  2 |
---------------+-------+-----
Unarmed Combat | 4 |  4.6
Fighting       | |  1.0
Dodging        | |  2.0
Spellcasting   | |  2.0
Transmutations | |  2.0

Action                     || total
---------------------------++-------
  Melee: Unarmed           ||    60
         Constrict         ||    20
         Tentacles         ||    15
         Punch             ||     4
   Stab: Sleeping          ||     7
 Armour: Skin              ||     5
  Dodge: Dodged            ||    26

Table legend: (Time is in decaauts)
 A = Elapsed time spent in this place.
 B = Non-inter-level travel time spent in this place.
 C = Inter-level travel time spent in this place.
 D = Time resting spent in this place.
 E = Time spent auto-exploring this place.
 F = Levels seen in this place.
 G = Mean time per level.
                   A        B        C        D        E       F      G
               +--------+--------+--------+--------+--------+-----+--------+
         Total |    924 |    894 |     30 |      0 |    719 |   2 |  462.0 |
       Dungeon |    924 |    894 |     30 |      0 |    719 |   2 |  462.0 |
               +--------+--------+--------+--------+--------+-----+--------+

Top non-repeatable levels by time:
     D:1: 717 daAuts
     D:2: 207 daAuts
